 Dungeon Crawl Stone Soup version 0.31.0-32-g396128a36d (webtiles) character file.

Game seed: 4196846891670592777

5 Alphaeus the Changeling (level 1, 0/9 HPs)
             Began as a Spriggan Shapeshifter on Mar 19, 2024.
             Slain by a ball python (1 damage)
             ... on level 1 of the Dungeon.
             The game lasted 00:00:05 (109 turns).

Alphaeus the Changeling (Spriggan Shapeshifter)      Turns: 109, Time: 00:00:06

Health: 0/9        AC:  2    Str: 10    XL:     1   Next: 66%
Magic:  2/2        EV: 17    Int: 11    God:
Gold:   25         SH:  0    Dex: 14    Spells: 0/0 levels left

rFire   . .          .
                       - Unarmed
rCold   . . .        (no shield)
rNeg    . . .        a - +0 animal skin
rPois   .            (helmet currently unavailable)
rElec   .            (cloak currently unavailable)
rCorr   .            (gloves unavailable)
SInv    +            (boots unavailable)
Will    .....        (no amulet)
Stlth   +            (no ring)
HPRegen 0.21/turn    (no ring)
MPRegen 0.08/turn

%: no passive effects
@: beast-form, very quick
A: beast (slay +2), very small, no large weapons, unfitting armour, see
invisible, speed 3
a: Begin Untransformation


You were on level 1 of the Dungeon.
You were a hulking beast.
You visited 1 branch of the dungeon, and saw 1 of its levels.

You collected 25 gold pieces.

Inventory:

Armour
 a - a +0 animal skin (worn)
Talismans
 c - a beast talisman
 d - a flux talisman
Scrolls
 e - a scroll of teleportation {unknown}
Potions
 b - a potion of lignification


   Skills:
 + Level 0.9 Fighting
 + Level 2.8 Dodging
 * Level 2.5 Unarmed Combat
 * Level 4.1 Shapeshifting


You couldn't memorise any spells.
You didn't know any spells.
Your spell library was empty.

Dungeon Overview and Level Annotations

Branches:
Dungeon (1/15)

Altars:


Innate Abilities, Weirdness & Mutations

You are a hulking beast.
Your limbs bulge with bestial killing power. (Slay +2)
You are very small and have problems with some larger weapons.
You are too small for most types of armour.
You have supernaturally acute eyesight. (SInv)
You cover ground extremely quickly. (Speed+++)


Message History

Found a club.
Found a robe.
You now have 25 gold pieces (gained 11).
Found a chain mail.
e - a scroll labelled JULOHAIROI You see here a +0 dagger.
There is a stone staircase leading down here.
You open the door.
A goblin and a rat come into view.
Found 6 curare-tipped darts and a robe.
There is an open door here.
There are monsters nearby!
There are monsters nearby!
A ball python comes into view.
A giant cockroach comes into view.
The ball python hisses angrily.
The goblin shouts!
A ball python comes into view.
You closely miss the goblin. The goblin hits you with a +0 dagger.
You hit the goblin but do no damage. The rat misses you.
The goblin barely misses you.
You hit the ball python.
You kill the ball python!
The rat bites you. The goblin misses you.
You miss the goblin. The rat closely misses you. The goblin barely misses you.
You punch the goblin!
You kill the goblin!
The rat misses you.
You hit the ball python but do no damage.
The giant cockroach bites you but does no damage.
The ball python closely misses you. The ball python completely misses you.
The rat bites you. The giant cockroach barely misses you.
You hit the ball python.
The ball python is severely wounded.
The ball python bites you. The ball python closely misses you.
The rat misses you.
The giant cockroach waves its antennae.
The giant cockroach bites you.
* * * LOW HITPOINT WARNING * * *
The ball python bites you.
You die...

.>.######.#..##................[#
........#.....#..################
#########.###..>## ...... ###
#.### ###### #.# ##'##########
#............ #.....S......
#....hB...... #.....r......
............... ###............
#.......[.... #............
#............ #............


You could see a giant cockroach, a ball python and a rat.

Vanquished Creatures
  A ball python (D:1)
  A goblin (D:1)
  2 hobgoblins (D:1)
4 creatures vanquished.

Notes
Turn   | Place    | Note
-------+----------+-------------------------------------------
     0 | D:1      | Alphaeus the Spriggan Shapeshifter began the quest for the
                  | Orb.
     0 | D:1      | Reached XP level 1. HP: 9/9 MP: 2/2
   109 | D:1      | Slain by a ball python

Illustrated notes

Levels and vault maps discovered:
D:1:      hellmonk_arrival_library, layout_basic, nicolae_grassy_gnolls

Action                     || total
---------------------------++-------
  Melee: Unarmed           ||    18
 Armour: Animal skin       ||     8
  Dodge: Dodged            ||    18
